 Dungeon Crawl Stone Soup version 0.28-a0-425-gd0eccab (webtiles) character file.

Game seed: 9550073354915231653

17719 Sixotanaka the Frost Mage (level 12, -5/89 HPs)
             Began as a Merfolk Ice Elementalist on Sept 9, 2021.
             Was a High Priest of Vehumet.
             Slain by a cane toad simulacrum (12 damage)
             ... in an ice cave.
             The game lasted 00:50:38 (16890 turns).

Sixotanaka the Frost Mage (MfIE)                   Turns: 16890, Time: 00:50:38

Health: -5/89      AC: 11    Str: 10    XL:     12   Next: 51%
Magic:  7/19       EV: 16    Int: 17    God:    Vehumet [*****.]
Gold:   981        SH:  7    Dex: 15    Spells: 4/21 levels left

rFire   . . .      SeeInvis .   a - +0 spear (flame)
rCold   . . .      Faith    +   F - +2 buckler
rNeg    . . .      Spirit   .   k - +0 leather armour
rPois   .          Reflect  .   R - +2 hat
rElec   .          Harm     .   (no cloak)
rCorr   .          Rampage  .   C - +1 pair of gloves
Will    .....                   (no boots)
Stlth   ++........              r - amulet of faith
HPRegen 0.24/turn               o - +4 ring of protection
MPRegen 0.16/turn               v - ring of wizardry

@: hasted, studying Short Blades, very quick
A: (nimble swimmer 2), mertail
a: Renounce Religion


You were in an ice cave.
You worshipped Vehumet.
Vehumet was extremely pleased with you.
You visited 3 branches of the dungeon, and saw 13 of its levels.
You also visited: Sewer and Ice Cave.

You collected 981 gold pieces.

Inventory:

Hand Weapons
 a - a +0 spear of flaming (weapon)
Missiles
 K - a throwing net
Armour
 k - a +0 leather armour (worn)
 C - a +1 pair of gloves (worn)
 F - a +2 buckler (worn)
 R - a +2 hat (worn)
Magical Staves
 b - a staff of cold
Jewellery
 o - a +4 ring of protection (left hand)
 r - an amulet of faith (around neck)
 v - a ring of wizardry (right hand)
 G - an amulet of magic regeneration
 M - an amulet of regeneration
 P - an amulet of reflection
 Q - a +6 ring of intelligence
 S - a ring of willpower
Wands
 e - a wand of charming (8)
 u - a wand of flame (65)
 D - a wand of polymorph (9)
 I - a wand of iceblast (15)
 J - a wand of mindburst (15)
Scrolls
 c - a scroll of fear {unknown}
 d - 5 scrolls of enchant weapon
 n - a scroll of vulnerability
 p - a scroll of blinking
 q - 2 scrolls of enchant armour
 s - a scroll of holy word {unknown}
 t - a scroll of torment {unknown}
 x - a scroll of summoning
 y - a scroll of amnesia {unknown}
 A - a scroll of brand weapon {unknown}
 O - a scroll of fog {unknown}
Potions
 f - 4 potions of flight
 g - a potion of degeneration {unknown}
 i - 2 potions of lignification
 j - 2 potions of mutation
 l - a potion of haste
 m - a potion of resistance {unknown}
 w - a potion of cancellation {unknown}
 z - a potion of attraction {unknown}
 B - a potion of might {unknown}
 E - 5 potions of curing
 H - a potion of ambrosia {unknown}
 L - a potion of invisibility {unknown}
Miscellaneous
 N - a condenser vane


   Skills:
 + Level 6.4 Fighting
 - Level 12.0 Polearms
 - Level 10.0 Dodging
 - Level 2.1 Stealth
 - Level 4.0 Shields
 - Level 5.0 Spellcasting
 + Level 7.1 Conjurations
 - Level 13.0 Ice Magic


You had 4 spell levels left.
You knew the following spells:

 Your Spells              Type           Power      Damage    Failure   Level
a - Freeze                Ice            100%       1d11      1%          1
b - Frozen Ramparts       Ice            96%        1d11      1%          3
c - Ozocubu's Armour      Ice            48%        N/A       1%          3
d - Blink                 Tloc           N/A        N/A       12%         2
e - Hailstorm             Conj/Ice       38%        3d9       1%          4
f - Iskenderun's Mystic   Conj/Tloc      16%        2d5       5%          4

Your spell library contained the following spells:

 Spells                   Type           Power      Damage    Failure   Level
 Olgreb's Toxic Radiance  Pois           4%         N/A       19%         4
 Shock                    Conj/Air       64%        1d7       1%          1
 Static Discharge         Conj/Air       16%        N/A       1%          2
 Conjure Flame            Conj/Fire      16%        6-21      1%          3
 Dazzling Flash           Conj/Hex       32%        N/A       1%          3
 Mephitic Cloud           Conj/Pois/Air  12%        N/A       2%          3
 Sticky Flame             Conj/Fire      16%        2d4       5%          4
 Ignite Poison            Fire/Tmut/Pois 4%         N/A       7%          3
 Slow                     Hex            4%         N/A       12%         2
 Airstrike                Air            2%         N/A       19%         4
 Confusing Touch          Hex            4%         N/A       22%         3
 Lesser Beckoning         Tloc           4%         N/A       22%         3
 Portal Projectile        Hex/Tloc       8%         N/A       22%         3
 Swiftness                Air            4%         N/A       22%         3
 Vampiric Draining        Necr           2%         2d6       22%         3
 Dispel Undead            Necr           4%         3d7       56%         4
 Freezing Cloud           Conj/Ice/Air   13%        6-21      4%          5
 Ozocubu's Refrigeration  Ice            24%        4d9       9%          7
 Agony                    Necr           4%         N/A       88%         5
 Blade Hands              Tmut           2%         N/A       88%         5
 Excruciating Wounds      Necr           2%         N/A       88%         5
 Manifold Assault         Tloc           4%         N/A       88%         5
 Silence                  Hex/Air        2%         N/A       88%         5


Dungeon Overview and Level Annotations

Branches:
Dungeon (10/15)            Temple (1/1) D:6            Lair (2/6) D:10
  Snake (0/4) Lair:2          Orc (0/2) D:10          Sewer (visited)
  IceCv (1/1)
  Swamp: Lair:2-4    Shoals: Lair:2-4

Altars:
Ashenzari
Dithmenos
Elyvilon
Fedhas
Gozag
Hepliaklqana
Kikubaaqudgha
Makhleb
Nemelex Xobeh
Okawaru
Ru
Sif Muna
Uskayaw
Vehumet
Wu Jian
Xom
Zin
The Shining One

Shops:
D:3 :

Annotations:
D:9 3 runed translucent doors, kinikunnakayama's ghost, novice NaVM
Lair:1 3 runed translucent doors, Yseirr's ghost, novice DrBe


Innate Abilities, Weirdness & Mutations

((You are quick and stealthy near water. (Stealth+, EV+, Speed+++)))
Your lower body shifts to a powerful aquatic tail in water.


Message History

The puff of flame hits the white ugly thing but does no damage.
The white ugly thing is lightly wounded.
Okay, then.
Casting: Ozocubu's Armour (safe; 1% risk of failure)
Confirm with . or Enter, or press ? or * to list all spells.
A film of ice covers your body!
You hit the white ugly thing. You burn the white ugly thing.
The white ugly thing is lightly wounded.
You hit the white ugly thing. You burn the white ugly thing.
The white ugly thing is lightly wounded.
The white ugly thing misses you.
You barely miss the white ugly thing.
The white ugly thing is lightly wounded.
The cane toad simulacrum misses you.
You barely miss the white ugly thing.
The white ugly thing is lightly wounded.
You block the white ugly thing's attack.
The polar bear simulacrum bites you but does no damage.
You block the polar bear simulacrum's attack.
The polar bear simulacrum barely misses you.
You barely miss the white ugly thing.
The white ugly thing is lightly wounded.
You block the cane toad simulacrum's attack.
You hit the white ugly thing. You burn the white ugly thing.
The white ugly thing is moderately wounded.
The white ugly thing bites you! The white ugly thing freezes you!
You feel yourself speed up. The cane toad simulacrum hits you.
The cane toad simulacrum freezes you!!
* * * LOW HITPOINT WARNING * * *
The polar bear simulacrum bites you.
* * * LOW HITPOINT WARNING * * *
The polar bear simulacrum freezes you!
* * * LOW HITPOINT WARNING * * *
The polar bear simulacrum claws you but does no damage.
You block the polar bear simulacrum's attack.
The white ugly thing bites you but does no damage.
Your icy armour will break if you move.
Continue?
Your icy armour cracks and falls away as you move.
The cane toad simulacrum hits you!
You die...

####
####...##
##........
##.........
##..........
#.......8../
#..@Z.....).
#.∩.∩u...)[©
#...Z.....?.
#.......8..(
##..........
##.........
##........
####...##
####


You could see a white ugly thing, a cane toad simulacrum and a polar bear
simulacrum.

Vanquished Creatures
  Gastronok (Lair:2)
  Harold (D:8)
  A centaur warrior (D:9)
  A deep elf pyromancer (D:9)
  Pikel (D:7)
  2 black mambas (Lair:2)
  3 komodo dragons
  Psyche (D:10)
  A rime drake (Lair:1)
  A cane toad (Lair:1)
  2 kobold demonologists (D:10)
  A troll (D:9)
  Prince Ribbit (Lair:2)
  4 blink frogs (Lair:2)
  Sigmund (D:4)
  A wyvern (Lair:1)
  21 yaks
  A steam dragon (Lair:1)
  10 water moccasins
  Purgy (Sewer)
  3 black bears
  2 hornet zombies
  An ice beast (D:7)
  An ogre (D:6)
  9 wolves
  4 centaurs
  A phantom (D:7)
  4 lemures (D:7)
  Blork the orc (D:4)
  3 kobold brigands
  6 bullfrogs
  A wyvern zombie (D:8)
  2 gnoll sergeants
  2 scorpions (D:5)
  2 wyvern skeletons (D:7)
  16 killer bees
  5 wights
  6 electric eels (D:10)
  3 howler monkeys
  2 bullfrog zombies
  4 centaur zombies
  A jelly (D:6)
  7 orc priests
  A centaur skeleton (D:5)
  A gnoll shaman (D:7)
  Ijyb (D:4)
  9 orc wizards
  2 scorpion zombies (D:5)
  4 killer bee zombies
  2 hound zombies (D:5)
  2 howler monkey zombies
  12 gnolls
  A howler monkey skeleton (D:6)
  8 adders
  A shadow imp (D:7)
  6 white imps (Lair:2)
  A worm (D:3)
  A worm (shapeshifter) (D:9)
  5 dart slugs
  37 orcs
  6 endoplasms
  5 giant cockroaches
  10 goblins
  13 hobgoblins
  2 jackals (D:2)
  6 quokkas
  10 ball pythons
  9 bats
  7 frilled lizards
  12 kobolds
  4 rats
320 creatures vanquished.

Vanquished Creatures (others)
  15 fungi
  46 plants
61 creatures vanquished.

Grand Total: 381 creatures vanquished

Notes
Turn   | Place    | Note
-------+----------+-------------------------------------------
     0 | D:1      | Sixotanaka the Merfolk Ice Elementalist began the quest for
                  | the Orb.
     0 | D:1      | Reached XP level 1. HP: 13/13 MP: 3/3
   217 | D:1      | Reached XP level 2. HP: 14/19 MP: 3/5
   394 | D:1      | Reached skill level 1 in Polearms
   394 | D:1      | Reached skill level 5 in Ice Magic
   489 | D:1      | Reached XP level 3. HP: 14/24 MP: 6/6
  1440 | D:1      | Found a faded altar of an unknown god.
  1584 | D:2      | Reached XP level 4. HP: 30/30 MP: 4/7
  1616 | D:2      | Learned a level 3 spell: Frozen Ramparts
  1620 | D:2      | Learned a level 3 spell: Ozocubu's Armour
  2629 | D:3      | Reached XP level 5. HP: 35/35 MP: 5/8
  3019 | D:3      | Reached skill level 6 in Ice Magic
  3142 | D:3      | Found a sacrificial altar of Ru.
  3181 | D:3      | Found Teymav's Book Shoppe.
  3355 | D:4      | Noticed Ijyb
  3360 | D:4      | Killed Ijyb
  3637 | D:4      | Reached skill level 5 in Polearms
  3754 | D:4      | Noticed Blork the orc
  3774 | D:4      | Killed Blork the orc
  3775 | D:4      | Reached XP level 6. HP: 32/41 MP: 0/9
  3984 | D:4      | Noticed Sigmund
  3998 | D:4      | Killed Sigmund
  3999 | D:4      | Reached skill level 7 in Ice Magic
  3999 | D:4      | Reached XP level 7. HP: 36/46 MP: 1/10
  4490 | D:5      | Entered Level 5 of the Dungeon
  4541 | D:5      | Noticed a yak
  4542 | D:5      | Noticed a yak
  4542 | D:5      | Noticed a yak
  4542 | D:5      | Noticed a yak
  4543 | D:5      | Noticed a yak
  4575 | D:5      | Killed a yak
  4576 | D:5      | Noticed a yak
  4579 | D:5      | Killed a yak
  4580 | D:5      | Reached skill level 8 in Ice Magic
  4667 | D:5      | Killed a yak
  4668 | D:5      | Reached XP level 8. HP: 41/52 MP: 4/11
  4668 | D:5      | Killed a yak
  4670 | D:5      | Killed a yak
  4671 | D:5      | Reached skill level 9 in Ice Magic
  4675 | D:5      | Killed a yak
  4676 | D:5      | Reached skill level 10 in Polearms
  5244 | D:5      | Reached XP level 9. HP: 57/57 MP: 8/12
  5548 | D:5      | Reached skill level 10 in Ice Magic
  5716 | D:5      | Learned a level 2 spell: Blink
  6239 | D:6      | Found a glowing drain.
  6255 | Sewer    | Entered a sewer
  6280 | Sewer    | Noticed Purgy
  6341 | Sewer    | Killed Purgy
  6607 | D:6      | Found a staircase to the Ecumenical Temple.
  6624 | Temple   | Entered the Ecumenical Temple
  6655 | Temple   | Became a worshipper of Vehumet
  7395 | D:7      | Reached skill level 1 in Shields
  7562 | D:7      | Reached * piety under Vehumet
  7562 | D:7      | Offered knowledge of Sandblast by Vehumet.
  8177 | D:7      | Reached skill level 11 in Ice Magic
  9575 | D:7      | Noticed Pikel
  9712 | D:7      | Killed Pikel
  9713 | D:7      | Reached XP level 10. HP: 54/63 MP: 6/13
  9880 | D:7      | Reached skill level 12 in Ice Magic
 10584 | D:8      | Noticed Harold
 11026 | D:8      | Offered knowledge of Poisonous Vapours by Vehumet.
 11117 | D:8      | Killed Harold
 11118 | D:8      | Reached skill level 5 in Dodging
 11274 | D:8      | Reached skill level 13 in Ice Magic
 11274 | D:8      | Reached ** piety under Vehumet
 11280 | D:8      | Learned a level 4 spell: Hailstorm
 11497 | D:9      | Reached skill level 1 in Conjurations
 12023 | D:9      | Found a runed translucent gate.
 12023 | D:9      | Found a runed translucent gate.
 12023 | D:9      | Found a runed translucent gate.
 12024 | D:9      | Noticed kinikunnakayama's ghost (novice NaVM)
 12140 | D:9      | Noticed a deep elf pyromancer
 12167 | D:9      | Reached XP level 11. HP: 68/68 MP: 7/14
 12217 | D:9      | Noticed a centaur warrior
 12237 | D:9      | Killed a centaur warrior
 12245 | D:9      | Killed a deep elf pyromancer
 12554 | D:10     | Entered Level 10 of the Dungeon
 12656 | D:10     | Found a staircase to the Lair.
 12667 | D:10     | Noticed Psyche
 12679 | D:10     | Killed Psyche
 13345 | D:10     | Noticed a sixfirhy
 13902 | D:10     | Offered knowledge of Inner Flame by Vehumet.
 13939 | D:10     | Reached *** piety under Vehumet
 14123 | D:10     | Found a staircase to the Orcish Mines.
 14225 | D:10     | Offered knowledge of Iskenderun's Mystic Blast by Vehumet.
 14799 | Lair:1   | Entered Level 1 of the Lair of Beasts
 14995 | Lair:1   | Reached skill level 5 in Spellcasting
 15296 | Lair:1   | Learned a level 4 spell: Iskenderun's Mystic Blast
 15324 | Lair:1   | Reached skill level 10 in Dodging
 15324 | Lair:1   | Reached skill level 5 in Conjurations
 15326 | Lair:1   | Reached skill level 1 in Fighting
 15328 | Lair:1   | Reached **** piety under Vehumet
 15803 | Lair:1   | Offered knowledge of Olgreb's Toxic Radiance by Vehumet.
 16017 | Lair:1   | Found a runed translucent gate.
 16017 | Lair:1   | Found a runed translucent gate.
 16019 | Lair:1   | Found a runed translucent gate.
 16019 | Lair:1   | Noticed Yseirr's ghost (novice DrBe)
 16021 | Lair:1   | Noticed a nine-headed hydra
 16064 | Lair:1   | Reached XP level 12. HP: 80/80 MP: 8/19
 16353 | Lair:2   | Noticed Prince Ribbit
 16354 | Lair:2   | Noticed a five-headed hydra
 16575 | Lair:2   | Found a staircase to the Snake Pit.
 16585 | Lair:2   | Killed Prince Ribbit
 16589 | Lair:2   | Noticed Gastronok
 16595 | Lair:2   | Reached skill level 5 in Fighting
 16622 | Lair:2   | Killed Gastronok
 16634 | Lair:2   | Noticed an eight-headed hydra
 16856 | Lair:2   | Found a frozen archway.
 16874 | Lair:2   | Reached ***** piety under Vehumet
 16879 | IceCv    | Entered an ice cave
 16890 | IceCv    | Slain by a cane toad simulacrum

Illustrated notes

Levels and vault maps discovered:
D:1:      ebering_trefoil_twist, layout_rooms, basic_ecumenical_altar,
          nrook_campfire, minmay_pentomino_p2
D:2:      layout_loops_ring
D:3:      layout_basic, nicolae_ru_the_path_less_chosen, serial_shops,
          nicolae_lakefront_shop
D:4:      layout_loops_ring, serial_glass, glass_columns_a, glass_columns_c,
          hangedman_minor_gate_pass, uniq_ijyb, uniq_sigmund, uniq_blork_the_orc
D:5:      layout_basic
D:6:      layout_loops_ring, minmay_temple_entry_trees, portal_sewer_entry_f
D:7:      layout_basic, nrook_mini_vaults, uniq_pikel
D:8:      layout_basic, uniq_harold
D:9:      layout_roguey, gammafunk_ghost_spectres, minmay_diamond_spiral
D:10:     layout_irregular_city, lair_entry_dummy, hiddenorc2_lemuel,
          serial_bayou, serial_bayou_shore_b, serial_bayou_lagoon_b,
          serial_bayou_pond_e, serial_bayou_pond_c, kennysheep_doodads,
          uniq_psyche
Temple:   nicolae_temple_the_god_donut
Lair:1:   layout_hall_layers, gammafunk_ghost_hydra_chop
Lair:2:   layout_regular_city, elwin_shoals_entry_stream,
          minmay_snake_entry_six_corridors, portal_ice_cave_entry_imps,
          uniq_gastronok, uniq_prince_ribbit2
IceCv:    ice_cave_statue_garden_transporter

Skill      XL: |  1  2  3  4  5  6  7  8  9 10 11 12 |
---------------+-------------------------------------+-----
Polearms       | 1 3 4 5 6 8 10 12 | 12.0
Ice Magic      | 5 6 7 8 9 11 13 | 13.0
Shields        | 4 |  4.0
Dodging        | 7 10 | 10.0
Conjurations   | 2 5 7 |  7.1
Spellcasting   | 5 |  5.0
Fighting       | 2 6 |  6.4
Stealth        | |  2.1

Action                   |  1- 3 |  4- 6 |  7- 9 | 10-12 || total
-------------------------+-------+-------+-------+-------++-------
Melee: Spear             |    35 |    91 |   464 |   224 ||   814
       Dagger            |     2 |       |       |       ||     2
       Club              |     1 |       |       |       ||     1
       Staff             |       |       |       |     4 ||     4
       Tailslap          |       |       |       |     2 ||     2
 Cast: Freeze            |    48 |    47 |    51 |   167 ||   313
       Frozen Ramparts   |       |     6 |    26 |    44 ||    76
       Ozocubu's Armour  |       |     2 |    26 |    28 ||    56
       Hailstorm         |       |       |       |    31 ||    31
Evoke: Wand              |       |       |       |     3 ||     3
  Use: Potion            |       |       |     3 |     4 ||     7
       Scroll            |       |       |     4 |     9 ||    13
 Stab: Sleeping          |     2 |    10 |     4 |       ||    16
Armor: Robe              |    11 |    13 |       |       ||    24
       Leather armour    |       |     5 |   108 |    88 ||   201
       Skin              |       |       |     4 |       ||     4
Dodge: Dodged            |    36 |    38 |   167 |   175 ||   416
Block: Buckler           |       |       |       |   120 ||   120

Table legend: (Time is in decaauts)
 A = Elapsed time spent in this place.
 B = Non-inter-level travel time spent in this place.
 C = Inter-level travel time spent in this place.
 D = Time resting spent in this place.
 E = Time spent auto-exploring this place.
 F = Levels seen in this place.
 G = Mean time per level.
                   A        B        C        D        E       F      G
               +--------+--------+--------+--------+--------+-----+--------+
         Total |  16519 |  15805 |    714 |   5726 |   6442 |  15 | 1101.3 |
       Dungeon |  14197 |  13644 |    553 |   5005 |   5572 |  10 | 1419.7 |
        Temple |     58 |     32 |     26 |      0 |      0 |   1 |   58.0 |
          Lair |   2035 |   1900 |    135 |    695 |    756 |   2 | 1017.5 |
         Sewer |    219 |    219 |      0 |     26 |    114 |   1 |  219.0 |
      Ice Cave |      7 |      7 |      0 |      0 |      0 |   1 |    7.0 |
               +--------+--------+--------+--------+--------+-----+--------+

Top non-repeatable levels by time:
     D:7: 2412 daAuts
    D:10: 2190 daAuts
  Lair:1: 1796 daAuts
     D:6: 1599 daAuts
     D:1: 1574 daAuts
     D:5: 1345 daAuts
     D:4: 1204 daAuts
     D:9: 1101 daAuts
     D:8: 996 daAuts
     D:2: 894 daAuts
     D:3: 878 daAuts
  Lair:2: 238 daAuts
   Sewer: 219 daAuts
  Temple: 58 daAuts
   IceCv: 7 daAuts
